 Dungeon Crawl Stone Soup version 0.31.0-32-g396128a36d (webtiles) character file.

Game seed: 1299171779587479136

3409 KittyFluff the Ruffian (level 9, -4/89 HPs)
             Began as a Troll Shapeshifter on Mar 25, 2024.
             Was a Priest of Trog.
             Killed from afar by a steam dragon (13 damage)
             ... with a ball of steam
             ... on level 8 of the Dungeon.
             The game lasted 00:28:53 (6154 turns).

KittyFluff the Ruffian (Troll Shapeshifter)         Turns: 6154, Time: 00:28:54

Health: -4/89      AC:  4    Str: 28    XL:     9   Next: 75%
Magic:  8/8        EV: 11    Int:  6    God:    Trog [***...]
Gold:   213        SH:  0    Dex:  9    Spells: 8/8 levels left

rFire   . .          .
                       - Unarmed
rCold   . . .        (no shield)
rNeg    . . .        a - +0 animal skin
rPois   .            (helmet currently unavailable)
rElec   .            (cloak currently unavailable)
rCorr   .            (gloves unavailable)
SInv    .            (boots unavailable)
Will    .....        (no amulet)
Stlth   +            (no ring)
HPRegen 1.14/turn    (no ring)
MPRegen 0.11/turn

%: no passive effects
@: beast-form, on berserk cooldown, slowed, very slow
A: beast (slay +4), large, unfitting armour, claws 3, regeneration 1, shaggy fur
1, tough skin 1
a: Begin Untransformation, Renounce Religion, Berserk, Trog's Hand


You were on level 8 of the Dungeon.
You worshipped Trog.
Trog was most pleased with you.
You were a hulking beast.
You visited 1 branch of the dungeon, and saw 8 of its levels.

You collected 356 gold pieces.
You spent 143 gold pieces at shops.

Inventory:

Hand Weapons
 f - the +7 short sword "Kioqocle" {flame, rCorr Int+4 Dex-2 Stlth+}
   (You found it on level 4 of the Dungeon)

   Int+4:     It affects your intelligence (+4).
   Dex-2:     It affects your dexterity (-2).
   rCorr:     It protects you from acid and corrosion.
   Stlth+:    It makes you more stealthy.
 u - a +1 sling of draining
 K - a +3 halberd
Missiles
 g - 12 stones (quivered)
 r - 10 poisoned darts
Armour
 a - a +0 animal skin (worn)
 e - a +2 cloak
 v - the +1 pair of gloves of Weishrode {rF+++ Will+ Str-5 Dex-3}
   (You found it on level 3 of the Dungeon)

   Str-5:     It affects your strength (-5).
   Dex-3:     It affects your dexterity (-3).
   rF+++:     It renders you almost immune to fire.
   Will+:     It increases your willpower.
Talismans
 c - a beast talisman
 d - a flux talisman
 j - a beast talisman
 D - a serpent talisman
Wands
 H - a wand of flame (8)
 L - a wand of light (5)
 M - a wand of roots (6)
Scrolls
 h - 6 scrolls of teleportation {unknown}
 i - a scroll of enchant armour {unknown}
 k - a scroll of blinking {unknown}
 l - a scroll of vulnerability {unknown}
 o - 2 scrolls of fear {unknown}
 p - 2 scrolls of immolation {unknown}
 y - a scroll of revelation {unknown}
 A - a scroll of amnesia {unknown}
 E - a scroll of enchant weapon {unknown}
 F - a scroll of fog {unknown}
 I - a scroll of noise {unknown}
 J - a scroll of torment {unknown}
Potions
 b - 6 potions of lignification
 m - 7 potions of curing
 n - 3 potions of cancellation
 q - 2 potions of enlightenment {unknown}
 s - 2 potions of attraction
 t - a potion of berserk rage
 w - 2 potions of degeneration {unknown}
 x - a potion of ambrosia
 z - 3 potions of heal wounds
 B - 2 potions of mutation
 C - 2 potions of magic
 G - a potion of invisibility


   Skills:
 + Level 5.7 Fighting
 + Level 6.0 Dodging
 + Level 7.6 Unarmed Combat
 + Level 7.1 Shapeshifting


You had 8 spell levels left.
You didn't know any spells.
Your spell library was empty.

Dungeon Overview and Level Annotations

Branches:
Dungeon (8/15)             Temple (0/1) D:6
   Lair: D:8-11

Altars:
Fedhas
Makhleb
Sif Muna
Trog
Vehumet
Wu Jian

Shops:
D:4 !   D:8 *


Innate Abilities, Weirdness & Mutations

You are a hulking beast.
Your limbs bulge with bestial killing power. (Slay +4)
You are too large for most types of armour.
You have claws for hands.
Your natural rate of healing is unusually fast.
You are covered in fur. (AC +1)
You have tough skin. (AC +1)


Message History

The orc throws a stone.
The stone closely misses you.
The orc hits you from afar with a +0 trident!
* * * LOW HITPOINT WARNING * * *
Your Dodging skill increases to level 6!
The orc closely misses you.
You claw the orc!
You kill the orc!
Trog accepts your kill. The orc hits you with a +0 trident.
* * * LOW HITPOINT WARNING * * *
Items here: ( )))) // [ ††††.
You mangle the orc!!
You kill the orc!
Trog accepts your kill.
You mangle the orc!!
You kill the orc!
Trog accepts your kill.
A steam dragon comes into view.
You feel a strong urge to attack something.
You are no longer berserk.
You are exhausted.
You feel yourself slow down.
The bullfrog snags a nearby small bird with its tongue.
You barely miss the bullfrog. The bullfrog completely misses you.
The bullfrog hits you.
* * * LOW HITPOINT WARNING * * *
You claw the bullfrog!
The bullfrog is severely wounded.
The bullfrog closely misses you. The bullfrog hits you.
* * * LOW HITPOINT WARNING * * *
You miss the bullfrog.
The bullfrog is severely wounded.
The bullfrog hits you!
* * * LOW HITPOINT WARNING * * *
You claw the bullfrog!
You kill the bullfrog!
Trog accepts your kill. The steam dragon breathes steam at you.
The ball of steam hits you!
You die...

#..## #.# #.#........ #))# #.#
#.#.......# ##)# #.#######.....#
#.## #.#∩.∩.∩#.....# #..#
#.............#
############D#####....⌠........#
#.........)..§.................#
#..........#..§.##.#∩.∩.∩#######
#..........###.h##.#######
#..........# #...###..#
#..........# ##...# #.#
##..........# #.#.# #.#
............# #.#.###.#####
...########## #....##.)...# #
...# ####..#####.# # ...# #<.#
#.# # ...# #..#####.# #


There were no monsters in sight!

Vanquished Creatures
  Grinder (D:3)
  5 yaks (D:8)
  A wyvern (D:7)
  A vampire (D:7)
  An acid dragon (D:8)
  3 water moccasins
  An orc warrior (D:7)
  2 sky beasts (D:7)
  2 ogres (D:6)
  A centaur (D:8)
  2 phantoms
  3 bullfrogs (D:8)
  A scorpion (D:6)
  3 wights (D:7)
  2 electric eels (D:6)
  A bombardier beetle (D:4)
  A crimson imp (D:7)
  2 jellies
  An orc priest (D:6)
  A gnoll bouda (D:5)
  2 sleepcaps
  3 iguanas
  4 orc wizards
  5 gnolls (D:5)
  6 adders
  A shadow imp (D:6)
  2 white imps
  5 dart slugs
  2 ribbon worms
  15 orcs
  7 bats
  4 endoplasms
  4 giant cockroaches
  9 hobgoblins
  4 jackals (D:1)
  5 quokkas
  6 ball pythons
  3 frilled lizards
  6 goblins
  9 kobolds
  6 rats
143 creatures vanquished.

Notes
Turn   | Place    | Note
-------+----------+-------------------------------------------
     0 | D:1      | KittyFluff the Troll Shapeshifter began the quest for the
                  | Orb.
     0 | D:1      | Reached XP level 1. HP: 18/18 MP: 0/0
    47 | D:1      | Reached skill level 1 in Fighting
   159 | D:1      | Reached XP level 2. HP: 27/27 MP: 1/1
   300 | D:1      | Found a faded altar of an unknown god.
   531 | D:1      | Reached XP level 3. HP: 33/33 MP: 2/2
   746 | D:2      | Found a bloodstained altar of Trog.
   758 | D:2      | Became a worshipper of Trog the Wrathful
  1858 | D:3      | Identified the +1 pair of gloves of Weishrode {rF+++ Will+
                  | Str-5 Dex-3}
  1887 | D:3      | Noticed Grinder
  1890 | D:3      | Paralysed by Grinder for 4 turns
  1911 | D:3      | Killed Grinder
  1912 | D:3      | Reached XP level 4. HP: 21/44 MP: 3/3
  1912 | D:3      | Reached XP level 5. HP: 24/50 MP: 4/4
  2020 | D:3      | Reached XP level 6. HP: 58/58 MP: 5/5
  2336 | D:3      | Reached * piety under Trog
  2712 | D:4      | Found Kuimy's Distillery.
  2713 | D:4      | Identified the +7 short sword "Kioqocle" {flame, rCorr
                  | Int+4 Dex-2 Stlth+}
  3700 | D:4      | Bought a potion of heal wounds for 55 gold pieces
  3700 | D:4      | Bought a potion of mutation for 88 gold pieces
  3719 | D:5      | Entered Level 5 of the Dungeon
  3742 | D:5      | Reached XP level 7. HP: 62/67 MP: 6/6
  3837 | D:5      | Found a radiant altar of Vehumet.
  3838 | D:5      | Found a blossoming altar of Fedhas.
  3904 | D:5      | Found an ornate altar of the Wu Jian Council.
  3924 | D:5      | Reached skill level 5 in Unarmed Combat
  4031 | D:5      | Reached skill level 5 in Shapeshifting
  4237 | D:6      | Found a staircase to the Ecumenical Temple.
  4244 | D:6      | Reached XP level 8. HP: 75/78 MP: 7/7
  4260 | D:6      | Reached ** piety under Trog
  4617 | D:6      | Found a transporter.
  4653 | D:6      | Found a transporter.
  5188 | D:7      | Found a shimmering blue altar of Sif Muna.
  5231 | D:7      | Reached skill level 5 in Dodging
  5327 | D:7      | Found a burning altar of Makhleb.
  5398 | D:7      | Reached XP level 9. HP: 51/85 MP: 8/8
  5736 | D:8      | Reached skill level 5 in Fighting
  5818 | D:8      | Found Tekien's CLEARANCE SALE!.
  6144 | D:8      | Reached *** piety under Trog
  6154 | D:8      | Killed from afar by a steam dragon

Illustrated notes

Levels and vault maps discovered:
D:1:      dpeg_arrival_chambers_temple_mockup, layout_basic,
          hellmonk_ecumenical_altar_leap_of_faith
D:2:      layout_basic, basic_altar
D:3:      layout_loops_ring, st_stairs_7, uniq_grinder
D:4:      layout_basic, serial_shops, nicolae_shop_just_a_little_nook,
          serial_rivers, chequers_serial_rivers_room_b,
          chequers_serial_rivers_small_3, chequers_serial_rivers_large_b,
          chequers_serial_rivers_micro_a
D:5:      layout_rooms, chequers_temple_overflow_statue_of_worship,
          nicolae_letterblocks [nicolae_letter_subblock,
          nicolae_letter_subblock, nicolae_letter_subblock,
          nicolae_letter_subblock, nicolae_letter_subblock,
          nicolae_letter_subblock, nicolae_letter_subblock,
          nicolae_letter_subblock, nicolae_letter_subblock,
          nicolae_letter_subblock, nicolae_letter_subblock,
          nicolae_letter_subblock, nicolae_letter_subblock,
          nicolae_letter_subblock, nicolae_letter_subblock,
          nicolae_letter_subblock, nicolae_letter_subblock,
          nicolae_letter_subblock, nicolae_letter_subblock,
          nicolae_letter_subblock, nicolae_letter_subblock,
          nicolae_letter_subblock, nicolae_letter_subblock,
          nicolae_letter_subblock, nicolae_letter_subblock]
D:6:      gammafunk_steamed_eel, layout_basic,
          minmay_temple_entry_gardened_gates
D:7:      layout_rooms, makhleb_grotto_becter,
          serial_library_hellmonk_narrow_alcove, minmay_misc_feat_ornament
D:8:      layout_basic, nicolae_shop_clearance

Skill      XL: |  1  2  3  4  5  6  7  8  9 |
---------------+----------------------------+-----
Fighting       | 1 2 3 4 5 |  5.7
Dodging        | 2 3 4 5 6 |  6.0
Unarmed Combat | 4 5 6 7 |  7.6
Shapeshifting  | 4 5 6 7 |  7.1

Action                     |  1- 3 |  4- 6 |  7- 9 || total
---------------------------+-------+-------+-------++-------
  Melee: Unarmed           |   108 |    81 |   224 ||   413
         Punch             |     3 |     2 |     4 ||     9
  Throw: Stone             |     5 |     6 |    13 ||    24
 Invoke: Berserk           |       |       |     1 ||     1
    Use: Scroll            |       |     5 |     3 ||     8
   Stab: Sleeping          |       |     1 |       ||     1
 Armour: Animal skin       |    59 |    36 |   155 ||   250
  Dodge: Dodged            |    43 |    31 |    97 ||   171
